 Dungeon Crawl Stone Soup version 0.31.0-11-ge490571c62 (webtiles) character file.

Game seed: 5646832258973401003

219 qw the Skirmisher (level 5, -2/29 HPs)
             Began as a Deep Elf Hunter on Feb 5, 2024.
             Slain by Pargi (7 damage)
             ... in a sewer.
             The game lasted 00:00:08 (2195 turns).

qw the Skirmisher (Deep Elf Hunter)                 Turns: 2195, Time: 00:00:08

Health: -2/29      AC:  6    Str: 10    XL:     5   Next: 63%
Magic:  7/7        EV: 11    Int: 14    God:
Gold:   172        SH:  0    Dex: 18    Spells: 4/4 levels left

rFire   . . .        a - +1 shortbow
rCold   . . .        (shield currently unavailable)
rNeg    . . .        e - +0 ring mail
rPois   .            (no helmet)
rElec   .            f - +0 cloak
rCorr   .            (no gloves)
SInv    +            (no boots)
Will    .....        (no amulet)
Stlth   +            i - ring of see invisible
HPRegen 0.24/turn    (no ring)
MPRegen 0.10/turn

%: no passive effects
@: about to teleport
A: no striking features
a: no special abilities


You were in a sewer.
You visited 1 branch of the dungeon, and saw 3 of its levels.
You also visited: Sewer.

You collected 172 gold pieces.


   Skills:
 + Level 1.5 Fighting
 - Level 9.2 Ranged Weapons
 - Level 2.4 Dodging
 - Level 1.2 Stealth


You had 4 spell levels left.
You didn't know any spells.
Your spell library was empty.

Inventory:

Hand Weapons
 a - a +1 shortbow (weapon)
Armour
 e - a +0 ring mail (worn)
 f - a +0 cloak (worn)
Jewellery
 b - a ring of fire
 i - a ring of see invisible (left hand)
Scrolls
 g - 2 scrolls of teleportation
 k - a scroll of identify
Potions
 c - a potion of might
 d - a potion of cancellation
 h - a potion of heal wounds
 j - 2 potions of curing

Dungeon Overview and Level Annotations

Branches:
Dungeon (3/15)              Sewer (1/1)

Altars:
Uskayaw

Annotations:
Sewer Pargi


Message History

You shoot an arrow. The arrow hits the brain worm!
You kill the brain worm!
Your Ranged Weapons skill increases to level 9!
You open the door.
There is an open door here.
You open the door.
Pargi the Meek comes into view.
You shoot an arrow. The arrow hits Pargi.
Pargi shouts!
Pargi is lightly wounded.
You shoot an arrow. The arrow hits Pargi!
Pargi is moderately wounded.
Pargi closely misses you. Pargi claws you but does no damage. Pargi claws you.
You shoot an arrow. The arrow hits Pargi.
Pargi is heavily wounded.
Pargi bites you. Pargi barely misses you. Pargi claws you.
You shoot an arrow. The arrow hits Pargi.
Pargi is heavily wounded.
Pargi bites you but does no damage. Pargi claws you but does no damage.
Pargi misses you. Pargi bites you but does no damage. Pargi claws you. x2
You shoot an arrow. The arrow hits Pargi.
Pargi is heavily wounded.
Pargi bites you. Pargi claws you but does no damage. Pargi claws you.
You shoot an arrow. The arrow barely misses Pargi.
Pargi bites you. Pargi barely misses you. Pargi completely misses you.
You shoot an arrow. The arrow hits Pargi.
Pargi is heavily wounded.
Pargi bites you but does no damage. Pargi claws you but does no damage. x2
You shoot an arrow. The arrow hits Pargi.
Pargi is severely wounded.
Pargi looks around nervously.
Pargi barely misses you. Pargi claws you but does no damage. x2
You shoot an arrow. The arrow barely misses Pargi.
Pargi snarls, "Go!
Away!"
Pargi bites you! Pargi closely misses you. x2
2195 ||| READING 3 scrolls of teleportation.
As you read the scroll of teleportation, it crumbles to dust.
You feel strangely unstable. Pargi bites you!
You die...

#########
#.##.##.# #
#.##.##.#
#'##+##)##'##T##+#
....%........@...#
~~~~~~~.~~~~~~~~~#
~~~~~~~\~~~~~~~~~#
~~~~~~~%~~~~~~~~~#
.................#
#+##+##.##+##+##'#
#.# .# #\# .# ###


You could see Pargi.

Vanquished Creatures
  A brain worm (Sewer)
  A bombardier beetle (D:3)
  A hound (D:3)
  2 adders (D:3)
  A river rat (D:3)
  2 ribbon worms
  A dart slug (D:2)
  An orc (D:3)
  7 ball pythons
  4 bats
  An endoplasm (D:1)
  6 giant cockroaches
  4 goblins
  A quokka (D:1)
  5 frilled lizards
  11 kobolds
  7 rats
56 creatures vanquished.

Notes
Turn   | Place    | Note
-------+----------+-------------------------------------------
     0 | D:1      | qw the Deep Elf Hunter began the quest for the Orb.
     0 | D:1      | Reached XP level 1. HP: 12/12 MP: 3/3
     0 | D:1      | 0 ||| qw: Version: 0.3-a-160-g6735b56
     0 | D:1      | 0 ||| qw: Game counter: 6129
     0 | D:1      | 0 ||| qw: Melee chars always use a shield: true
     0 | D:1      | 0 ||| qw: God list: Okawaru
     0 | D:1      | 0 ||| qw: Allow faded altars: false
     0 | D:1      | 0 ||| qw: Do Orc after clearing Dungeon:15 true
     0 | D:1      | 0 ||| qw: Do second Lair branch before Depths: true
     0 | D:1      | 0 ||| qw: Lair rune preference: random
     0 | D:1      | 0 ||| qw: Goals: Normal
     0 | D:1      | 0 ||| PLANNING D:1-11
   167 | D:1      | Reached XP level 2. HP: 16/16 MP: 4/4
   199 | D:1      | Reached skill level 6 in Ranged Weapons
   656 | D:1      | 656 ||| UPGRADING to +0 ring mail.
   666 | D:1      | 666 ||| DROPPING +0 leather armour.
   667 | D:1      | 667 ||| READING scroll labelled LIFOAPSEROIGH.
   668 | D:1      | 668 ||| READING 2 scrolls labelled ILOG ROIRGHYL.
   673 | D:1      | 673 ||| READING scroll labelled CALANIERPH ARCHY.
   673 | D:1      | 673 ||| IDENTIFYING yellow potion
   674 | D:1      | 674 ||| DROPPING scroll of butterflies.
   916 | D:2      | Found a hide-covered altar of Uskayaw.
   943 | D:2      | Reached XP level 3. HP: 20/20 MP: 5/5
  1588 | D:2      | 1588 ||| UPGRADING to ring of see invisible.
  1589 | D:2      | 1589 ||| READING scroll of identify.
  1589 | D:2      | 1589 ||| IDENTIFYING lumpy sapphire potion
  1590 | D:2      | 1590 ||| READING scroll labelled GINUUM CAFUROFF.
  1591 | D:2      | 1591 ||| READING scroll labelled NOQARCH JEMANLE.
  1592 | D:2      | 1592 ||| DRINKING 2 coppery potions.
  1593 | D:2      | 1593 ||| DRINKING 2 metallic orange potions.
  1630 | D:3      | 1630 ||| PLANNING SEWER
  1674 | D:3      | Reached skill level 7 in Ranged Weapons
  1725 | D:3      | Reached XP level 4. HP: 24/25 MP: 6/6
  1738 | D:3      | Reached skill level 8 in Ranged Weapons
  1989 | D:3      | Reached XP level 5. HP: 27/29 MP: 7/7
  2150 | D:3      | Found a glowing drain.
  2151 | D:3      | 2151 ||| UPGRADING to +0 cloak.
  2156 | D:3      | 2156 ||| READING 3 scrolls of identify.
  2156 | D:3      | 2156 ||| IDENTIFYING clear potion
  2157 | D:3      | 2157 ||| READING 2 scrolls of identify.
  2157 | D:3      | 2157 ||| IDENTIFYING scroll labelled DATEHULIDA
  2158 | D:3      | 2158 ||| READING scroll of enchant weapon.
  2158 | D:3      | 2158 ||| ENCHANTING +0 shortbow.
  2159 | D:3      | 2159 ||| DROPPING potion of attraction.
  2163 | Sewer    | Entered a sewer
  2177 | Sewer    | Reached skill level 9 in Ranged Weapons
  2185 | Sewer    | Noticed Pargi
  2194 | Sewer    | HP: 5/29 [Pargi (7)]
  2195 | Sewer    | 2195 ||| READING 3 scrolls of teleportation.
  2195 | Sewer    | Slain by Pargi

Levels and vault maps discovered:
D:1:      eino_arrival_water_star, layout_basic
D:2:      layout_basic, basic_altar, serial_forest,
          infiniplex_forest_straight_1, infiniplex_forest_lined_ring,
          infiniplex_forest_3_way, infiniplex_forest_lined_2,
          infiniplex_forest_clump_tiny, minmay_misc_feat_alley
D:3:      layout_rooms, gup_sewer_entry_bowl, chequers_serial_rivers_micro_b,
          chequers_big_river
Sewer:    kennysheep_door_sewer

Skill      XL: |  1  2  3  4  5 |
---------------+----------------+-----
Ranged Weapons | 6 7 8 9 |  9.2
Fighting       | |  1.5
Dodging        | |  2.4
Stealth        | |  1.2

Action                     |  1- 3 |  4- 6 || total
---------------------------+-------+-------++-------
   Fire: Shortbow          |   112 |    54 ||   166
    Use: Scroll            |     6 |     4 ||    10
         Potion            |     2 |       ||     2
 Armour: Leather armour    |    15 |       ||    15
         Ring mail         |     6 |    29 ||    35
  Dodge: Dodged            |    27 |    14 ||    41

Table legend:
 A = Non-vault XP
 B = Vault XP
 C = Vault XP percentage of total XP
 D = Non-vault monster count
 E = Vault monster count
 F = Vault count percentage of total count
                 A         B        C        D         E       F
            +---------+---------+-------+---------+---------+-------
      Total |     195 |     118 |  37.7 |      49 |       7 |  12.5
            +---------+---------+-------+---------+---------+-------
        D:1 |      29 |       0 |   0.0 |      17 |       0 |   0.0
        D:2 |      24 |       0 |   0.0 |      14 |       0 |   0.0
        D:3 |     142 |      20 |  12.3 |      18 |       3 |  14.3
      Sewer |       0 |      98 | 100.0 |       0 |       4 | 100.0
            +---------+---------+-------+---------+---------+-------
